 Dungeon Crawl Stone Soup version 0.20.0-10-g0535bb4 (webtiles) character file.

9177 Esekla the Covert (level 11, 0/38 HPs)
             Began as a Felid Skald on June 5, 2017.
             Was an Elder of Ashenzari.
             Slain by an unseen horror (9 damage)
             ... on level 11 of the Dungeon on June 6, 2017.
             The game lasted 04:13:07 (19607 turns).

Esekla the Covert (Felid Skald)                    Turns: 19607, Time: 04:13:07

Health: 0/38       AC:  2    Str:  9    XL:     11   Next: 19%
Magic:  10/22      EV: 27    Int: 17    God:    Ashenzari [****..]
Gold:   550        SH:  3    Dex: 17    Spells: 1/24 levels left
                                        Lives:  0   Deaths: 3

rFire    . . .     SeeInvis +     - Unarmed
rCold    . . .     Gourm    .   (shield unavailable)
rNeg     . . .     Faith    .   (armour unavailable)
rPois    .         Spirit   .   (helmet unavailable)
rElec    .         Reflect  +   (cloak unavailable)
rCorr    +         Harm     .   (gloves unavailable)
MR       +....     Clarity  +   (boots unavailable)
Stlth    ++++++....             f - +3 amulet of reflection (curse)
Regen    0.2/turn               F - ring of stealth (curse)
MPRegen  0.2/turn               E - ring of resist corrosion (curse)

@: infused, studying Stealth, quick
A: no armour, no weapons or thrown items, stealth, claws 1, fangs 3, see
invisible, carnivore 3, speed 1, frail 1, shaggy fur 2, slow metabolism 1,
strong 1, sharp paws
a: Curse Item, Scrying, Renounce Religion


You were on level 11 of the Dungeon.
You worshipped Ashenzari.
Ashenzari was greatly pleased with you.
You were not hungry.

You visited 4 branches of the dungeon, and saw 15 of its levels.
You also visited: Labyrinth.

You collected 550 gold pieces.

Inventory:

Jewellery
 f - a cursed +3 amulet of reflection (around neck)
 E - a cursed ring of resist corrosion (right paw)
 F - a cursed ring of stealth (left paw)
 J - an uncursed ring of protection from cold
Wands
 l - a wand of lightning (7/15)
 o - a wand of clouds (3/9)
 y - a wand of random effects (21/48)
 z - a wand of flame (21/48)
 B - a wand of lightning (0/15)
 I - a wand of scattershot (6/9)
 O - a wand of digging (18/24)
 P - a wand of paralysis (9/24)
Scrolls
 d - 6 scrolls of remove curse
 e - a scroll of magic mapping
 q - a scroll of teleportation
 r - 3 scrolls of identify
 u - 2 scrolls of amnesia
Potions
 c - 3 potions of resistance
 m - 3 potions of brilliance
 n - 2 potions of magic
 s - a potion of ambrosia
 t - 2 potions of agility
 v - 2 potions of haste
 w - 7 potions of lignification
 C - a potion of cancellation
 G - a potion of flight
Books
 N - a manual of Stealth
Comestibles
 b - 7 meat rations
 D - 8 royal jellies


   Skills:
 + Level 2.0 Fighting
 + Level 11.2 Dodging
 + Level 11.7 Stealth
 + Level 6.1 Unarmed Combat
 + Level 7.0 Spellcasting
 * Level 8.0(11.4) Conjurations
 + Level 4.9(8.3) Hexes
 - Level 4.0(7.2) Charms
 + Level 5.3(8.8) Translocations
 + Level 3.4(6.5) Air Magic
 + Level 2.7(5.6) Poison Magic
 + Level 1.0(3.0) Evocations


You had one spell level left.
You knew the following spells:

 Your Spells              Type           Power        Failure   Level  Hunger
a - Infusion              Chrm           ####         1%          1    None
b - Shroud of Golubria    Chrm/Tloc      ####......   1%          2    None
c - Magic Dart            Conj           ####         1%          1    None
d - Mephitic Cloud        Conj/Pois/Air  ####....     1%          3    ##.....
e - Blink                 Tloc           N/A          1%          2    None
f - Confuse               Hex            ####....     1%          3    ##.....
g - Song of Slaying       Chrm           ####....     1%          2    None
h - Dazzling Spray        Conj/Hex       #####.       1%          3    ##.....
i - Searing Ray           Conj           #####.       1%          2    None
j - Force Lance           Conj/Tloc      #####...     1%          4    ####...


Dungeon Overview and Level Annotations

Branches:
Dungeon (11/15)            Temple (1/1) D:6            Lair (2/6) D:10
    Orc (1/2) D:10
  Swamp: Lair:2-4    Shoals: Lair:2-4     Snake: Lair:2-4    Spider: Lair:2-4

Altars:
Ashenzari
Dithmenos
Elyvilon
Fedhas
Hepliaklqana
Kikubaaqudgha
Makhleb
Okawaru
Qazlal
Sif Muna
Trog
Vehumet
Yredelemnul
Zin

Shops:
D:4 %   D:6 [   D:7 [

Annotations:
D:9 2 transporters


Innate Abilities, Weirdness & Mutations

You cannot wear armour.
You are incapable of wielding weapons or throwing items.
Your paws allow you to move quietly. (Stealth)
You have sharp claws.
You have razor-sharp teeth.
You have supernaturally acute eyesight. (SInv)
You are carnivorous and can eat meat at any time.
You cover ground quickly.
You are covered in thick fur. (AC +2)
You have a slow metabolism.
Your sharp claws are effective at attacking unaware monsters.
You are frail. (-10% HP)
Your muscles are strong. (Str +2)


Message History

The shadow slips into darkness.
The shadow flickers and vanishes for a moment.
You scratch the komodo dragon.
The komodo dragon is heavily wounded.
The two-headed ogre is no longer blind.
You scratch the komodo dragon.
The komodo dragon is heavily wounded.
The komodo dragon seems less confused.
The komodo dragon bites you!!
Ouch! That really hurt!
* * * LOW HITPOINT WARNING * * *
You block the two-headed ogre's attack.
The two-headed ogre hits you with a giant spiked club.
* * * LOW HITPOINT WARNING * * *
The unseen horror seems less confused.
The shadow completely misses you.
The unseen horror completely misses you.
Things that are here:
an uncursed chain mail; an orc corpse The unseen horror misses you.
The unseen horror hits you!
You die...

*, ,, , , , ,
#.......## * , ,
##........#
*#.........##
...........# *
...........#
*,...........# *
,.....?.....#
........@..## *
**
,..!.....x...# ,
........WO..# ,
, ,.......l.).##
,, ,
...........# ,
,,,,...........#
,
,,,,.......<..##
, *, ........###
** * ,,,
.......## ***
*** ,,


You could see a two-headed ogre, a komodo dragon, an unseen horror (invisible)
and a shadow (invisible).

Vanquished Creatures
  A minotaur (Lab)
  2 two-headed ogres (D:10)
  Pikel (D:7)
  A manticore (D:10)
  Joseph (D:8)
  Psyche (D:10)
  2 spiny frogs (Lair:1)
  A kobold demonologist (D:9)
  A redback zombie (D:9)
  A troll (D:10)
  2 hippogriffs
  3 blink frogs (Lair:1)
  2 wyverns
  A wraith (D:10)
  10 yaks
  4 water moccasins
  2 porcupines
  6 sky beasts
  An ice beast (D:6)
  4 phantoms
  2 ogres
  7 wolves
  3 centaurs
  2 crocodiles (Lair:1)
  2 big kobolds
  9 bullfrogs
  2 scorpions (D:4)
  A wyvern skeleton (D:6)
  14 killer bees
  5 howler monkeys
  3 crimson imps
  A centaur zombie (D:10)
  4 orc priests
  2 jellies (D:8)
  A bullfrog skeleton (D:9)
  A bullfrog zombie (D:7)
  4 hounds
  An iguana (D:8)
  8 worker ants
  9 orc wizards
  A worker ant zombie (D:10)
  7 gnolls
  17 adders
  A shadow imp (D:7)
  An ooze (D:1)
  5 leopard geckos
  28 orcs
  9 giant cockroaches
  10 goblins
  15 hobgoblins
  10 jackals
  5 quokkas
  A ball python (D:4)
  12 bats
  8 frilled lizards
  A jackal skeleton (D:7)
  18 kobolds
  A quokka zombie (D:9)
  5 rats
283 creatures vanquished.

Vanquished Creatures (others)
  A fungus (Lair:1)
1 creature vanquished.

Grand Total: 284 creatures vanquished

Notes
Turn   | Place    | Note
-------+----------+-------------------------------------------
     0 | D:1      | Esekla the Felid Skald began the quest for the Orb.
     0 | D:1      | Reached XP level 1. HP: 9/9 MP: 4/4
   168 | D:1      | Reached XP level 2. HP: 13/13 MP: 0/6
   273 | D:1      | Reached skill level 1 in Stealth
   550 | D:1      | Learned a level 2 spell: Shroud of Golubria
   553 | D:1      | Learned a level 2 spell: Song of Slaying
   700 | D:1      | Reached XP level 3. HP: 14/16 MP: 7/7
   807 | D:2      | Found a stormy altar of Qazlal.
   807 | D:2      | Noticed an air elemental
   809 | D:2      | Noticed a fire elemental
   809 | D:2      | Noticed an earth elemental
   809 | D:2      | Noticed a water elemental
  1301 | D:2      | Reached XP level 4. HP: 19/19 MP: 4/8
  1428 | D:3      | Found a shattered altar of Ashenzari.
  1478 | D:3      | Found a blossoming altar of Fedhas.
  1482 | D:3      | Became a worshipper of Ashenzari the Shackled
  1624 | D:1      | Learned a level 3 spell: Mephitic Cloud
  1708 | D:3      | Found a white marble altar of Elyvilon.
  1734 | D:3      | Found a burning altar of Makhleb.
  2137 | D:3      | Reached XP level 5. HP: 22/22 MP: 4/10
  2322 | D:3      | Reached skill level 1 in Translocations
  2449 | D:3      | Learned a level 1 spell: Magic Dart
  2452 | D:3      | Learned a level 2 spell: Blink
  2562 | D:3      | Gained mutation: You are frail. (-10% HP) [potion of mutation]
  2562 | D:3      | Gained mutation: Your muscles are strong. (Str +2) [potion of mutation]
  2581 | D:3      | Reached skill level 1 in Conjurations
  3607 | D:3      | Reached skill level 1 in Poison Magic
  3973 | D:4      | Gained mutation: You are covered in thick fur. (AC +2) [Felid growth]
  3973 | D:4      | Reached XP level 6. HP: 19/23 MP: 5/11
  4062 | D:4      | Found Ibamel's Food Shop.
  4215 | D:4      | Reached * piety under Ashenzari
  4423 | D:4      | Reached skill level 1 in Air Magic
  4481 | D:5      | Entered Level 5 of the Dungeon
  4754 | D:5      | Noticed a sky beast
  5302 | D:6      | Noticed a hippogriff
  5406 | D:6      | Found Gyjaun's Armour Emporium.
  5665 | D:6      | Reached XP level 7. HP: 24/27 MP: 7/12
  6300 | D:4      | Reached skill level 5 in Dodging
  6300 | D:4      | Reached skill level 1 in Evocations
  6912 | D:4      | Learned a level 3 spell: Confuse
  7095 | D:4      | Reached skill level 1 in Hexes
  8088 | D:6      | Killed from afar by an orc wizard
  8089 | D:6      | Reached XP level 6. HP: -4/23 MP: 12/12
  8093 | D:6      | Reached ** piety under Ashenzari
  8094 | D:6      | Found a staircase to the Ecumenical Temple.
  8109 | D:6      | Reached XP level 7. HP: 24/27 MP: 7/13
  8279 | D:7      | Found Hifizody's Antique Armour Boutique.
  8423 | D:7      | Noticed Pikel
  8988 | D:8      | Reached skill level 5 in Unarmed Combat
  9000 | D:8      | Noticed Joseph
  9860 | Temple   | Entered the Ecumenical Temple
  9955 | D:6      | Reached XP level 8. HP: 25/29 MP: 7/15
 10475 | D:7      | Killed Pikel
 10475 | D:7      | Reached skill level 5 in Stealth
 10475 | D:7      | Reached skill level 5 in Spellcasting
 10900 | D:10     | Entered Level 10 of the Dungeon
 10904 | D:10     | Found a staircase to the Lair.
 10932 | D:10     | Reached XP level 9. HP: 26/32 MP: 8/18
 10982 | Lair:1   | Entered Level 1 of the Lair of Beasts
 11005 | D:9      | Found a bloodstained altar of Trog.
 11027 | D:9      | Found a radiant altar of Vehumet.
 11393 | D:8      | Noticed a queen bee
 11754 | D:8      | HP: 1/32 [killer bee (9)]
 11755 | D:8      | Slain by a killer bee
 11756 | D:8      | Reached XP level 8. HP: -5/29 MP: 17/17
 11804 | D:9      | Reached skill level 5 in Conjurations
 12534 | D:8      | Killed Joseph
 12642 | D:8      | Found a deep blue altar of Sif Muna.
 13044 | D:6      | Reached XP level 9. HP: 32/32 MP: 12/19
 13862 | D:9      | Noticed a kobold demonologist
 13912 | D:9      | Noticed a skeletal warrior
 13929 | D:9      | Killed a kobold demonologist
 13942 | D:9      | Found an ancient bone altar of Kikubaaqudgha.
 13943 | D:9      | Found a transporter.
 13946 | D:9      | Noticed a flayed ghost
 13953 | D:9      | Found a basalt altar of Yredelemnul.
 13956 | D:9      | Found a transporter.
 14006 | D:10     | Noticed a two-headed ogre
 14112 | D:9      | Reached skill level 5 in Translocations
 14269 | D:9      | Found an iron altar of Okawaru.
 14846 | D:10     | Found a staircase to the Orcish Mines.
 14847 | D:10     | Noticed Psyche
 14853 | D:10     | Noticed an unseen horror
 15084 | D:9      | Learned a level 2 spell: Song of Slaying
 15122 | D:10     | Reached XP level 10. HP: 36/36 MP: 11/21
 15194 | D:10     | Reached *** piety under Ashenzari
 15236 | D:10     | Slain by a yak
 15237 | D:10     | Reached XP level 9. HP: 0/32 MP: 10/20
 15250 | D:10     | Noticed a two-headed ogre
 15326 | D:11     | Noticed an unseen horror
 15326 | D:11     | Noticed a komodo dragon
 15328 | D:11     | Noticed a two-headed ogre
 15725 | Orc:1    | Entered Level 1 of the Orcish Mines
 15725 | Orc:1    | Noticed an orc knight
 15727 | D:10     | Noticed a troll
 15747 | D:10     | Killed a two-headed ogre
 15757 | D:10     | Killed a troll
 15762 | D:10     | Killed a two-headed ogre
 16030 | D:10     | Noticed a manticore
 16041 | D:10     | Killed a manticore
 16041 | D:10     | Reached XP level 10. HP: 36/36 MP: 18/21
 16100 | D:10     | Reached skill level 10 in Dodging
 16651 | D:10     | Killed Psyche
 16677 | D:10     | Reached skill level 10 in Stealth
 16941 | Lair:1   | Noticed a spiny frog
 16948 | Lair:1   | Killed a spiny frog
 17083 | Lair:2   | Noticed a spiny frog
 17093 | Lair:2   | Found a labyrinth entrance.
 17116 | Lab      | Entered a labyrinth
 17657 | Lab      | Noticed a minotaur
 17665 | Lab      | Killed a minotaur
 17954 | Lair:2   | Reached **** piety under Ashenzari
 18047 | Lair:2   | Learned a level 3 spell: Dazzling Spray
 18050 | Lair:2   | Learned a level 2 spell: Searing Ray
 18540 | Lair:1   | Reached XP level 11. HP: 38/38 MP: 15/22
 19172 | Lair:1   | Learned a level 4 spell: Force Lance
 19607 | D:11     | Slain by an unseen horror

Skill      XL: |  1  2  3  4  5  6  7  8  9 10 11 |
---------------+----------------------------------+-----
Stealth        | 1 2 3 4 5 9 11 | 11.7
Dodging        | 4 5 6 9 10 11 | 11.2
Charms         | 4 |  4.0
Unarmed Combat | 3 5 6 |  6.1
Translocations | 1 2 3 4 5 |  5.3
Conjurations   | 1 3 5 7 8 |  8.0
Poison Magic   | 1 2 |  2.7
Air Magic      | 1 2 3 |  3.4
Spellcasting   | 3 4 6 7 |  7.0
Evocations     | 1 |  1.0
Hexes          | 3 4 |  4.9
Fighting       | |  2.0

Action                   |  1- 3 |  4- 6 |  7- 9 | 10-12 || total
-------------------------+-------+-------+-------+-------++-------
Melee: Unarmed           |   109 |   212 |   620 |   190 ||  1131
       Bite              |     9 |    16 |    53 |    11 ||    89
       Punch             |       |     1 |     9 |     6 ||    16
 Cast: Infusion          |    13 |    30 |    77 |    23 ||   143
       Shroud of Golubri |     2 |    10 |    36 |       ||    48
       Magic Dart        |       |    12 |    87 |    31 ||   130
       Blink             |       |     1 |     2 |       ||     3
       Mephitic Cloud    |       |     2 |    19 |     6 ||    27
       Confuse           |       |       |     1 |     1 ||     2
       Dazzling Spray    |       |       |       |     9 ||     9
       Searing Ray       |       |       |       |     5 ||     5
Invok: Curse Item        |       |     1 |     1 |     1 ||     3
  Use: Scroll            |     5 |     5 |    11 |    13 ||    34
       Potion            |     1 |     4 |     9 |       ||    14
 Stab: Sleeping          |     5 |    13 |    10 |    10 ||    38
       Confused          |       |     1 |    10 |     4 ||    15
       Distracted        |       |       |     2 |     1 ||     3
  Eat: Chunk             |     6 |     5 |     5 |     7 ||    23
       Royal jelly       |       |       |     4 |       ||     4
       Meat ration       |       |       |     1 |       ||     1
Armor: Skin              |     6 |     8 |    23 |     3 ||    40
Dodge: Dodged            |    95 |   150 |   617 |   245 ||  1107
Block: Other             |       |    19 |    79 |    23 ||   121
       Reflection        |       |       |     2 |     1 ||     3
